 Dungeon Crawl Stone Soup version 0.29.0-10-g45618ea6d2 (webtiles) character file.

Game seed: 14857551632159993820

173 NotreDorf the Ducker (level 5, 0/41 HPs)
             Began as a Merfolk Gladiator on Sept 1, 2022.
             Was an Initiate of Hepliaklqana.
             Slain by Dowan
             ... wielding a +0 dagger of flaming
              (1 damage)
             ... on level 4 of the Dungeon.
             The game lasted 00:08:44 (2540 turns).

NotreDorf the Ducker (Merfolk Gladiator)            Turns: 2540, Time: 00:08:45

Health: 0/41       AC:  6    Str: 14    XL:     5   Next: 53%
Magic:  15/15      EV: 14    Int:  9    God:    Hepliaklqana [......]
Gold:   22         SH:  0    Dex: 16    Spells: 4/6 levels left

rFire   x . .      SeeInvis .   a - +0 trident
rCold   . . .      Faith    .   (no shield)
rNeg    . . .      Spirit   .   b - +0 leather armour
rPois   .          Reflect  .   i - +0 helmet
rElec   .          Harm     .   (no cloak)
rCorr   .          Rampage  +   (no gloves)
Will    .....                   p - +1 pair of boots of Axiym {Rampage +Blink rF- MP+9}
Stlth   +.........              (no amulet)
HPRegen 0.13/turn               (no ring)
MPRegen 0.14/turn               (no ring)

@: lit by a corona, glowing
A: (nimble swimmer 2), mertail
a: Renounce Religion, Evoke Blink


You were on level 4 of the Dungeon.
You worshipped Hepliaklqana.
Hepliaklqana was noncommittal.
You visited 1 branch of the dungeon, and saw 4 of its levels.

You collected 212 gold pieces.
You spent 190 gold pieces at shops.

Inventory:

Hand Weapons
 a - a +0 trident (weapon)
Missiles
 e - a javelin (quivered)
Armour
 b - a +0 leather armour (worn)
 i - a +0 helmet (worn)
 p - the +1 pair of boots of Axiym (worn) {Rampage +Blink rF- MP+9}
   (You bought it in a shop on level 3 of the Dungeon)

   rF:        It makes you vulnerable to fire.
   MP:        It affects your magic capacity (+9).
   +Blink:    It lets you blink.
   Rampage:   It bestows one free step when moving towards enemies.
Scrolls
 f - a scroll of amnesia
 h - 3 scrolls of identify
 l - 3 scrolls of teleportation
 m - a scroll of enchant weapon {unknown}
Potions
 g - 2 potions of curing
 j - a potion of lignification
 k - 2 potions of magic {unknown}
 n - a potion of brilliance {unknown}
 o - a potion of resistance {unknown}


   Skills:
 + Level 3.3 Fighting
 + Level 5.1 Polearms
 - Level 2.0 Throwing
 + Level 5.2 Dodging
 - Level 1.7 Stealth
 + Level 1.2 Spellcasting
 + Level 1.1 Translocations


You had 4 spell levels left.
You knew the following spells:

 Your Spells              Type           Power      Damage    Failure   Level
a - Blink                 Tloc           4%         N/A       41%         2

Your spell library contained the following spells:

 Spells                   Type           Power      Damage    Failure   Level
 Lesser Beckoning         Tloc           2%         N/A       65%         3
 Manifold Assault         Tloc           2%         N/A       100%        5


Dungeon Overview and Level Annotations

Branches:
Dungeon (4/15)
 Temple: D:4-7

Altars:
Cheibriados
Hepliaklqana
Trog

Shops:
D:3 [

Annotations:
D:4 Dowan


Innate Abilities, Weirdness & Mutations

((You are very nimble when in or above water. (Stealth+, EV+, Speed+++)))
Your lower body shifts to a powerful aquatic tail in water.


Message History

Dowan gestures wildly while chanting.
Dowan blinks!
Throw: throwing net
Press: ? - help, Q - select action, (/) - cycle Shift-Dir - straight line, f/p - Dowan
Aim: Dowan, wielding a +0 dagger of flaming and wearing a +0 robe (heavily wounded, 51% to hit)
You throw a throwing net. The throwing net hits Dowan.
Dowan is caught in the net!
Dowan is heavily wounded.
Dowan mumbles some strange words.
Dowan blinks!
Dowan casts a spell at you. The puff of frost hits you.
* * * LOW HITPOINT WARNING * * *
You see here a throwing net.
You closely miss Dowan.
Dowan is heavily wounded.
Dowan drinks a potion.
Dowan is healed!
You closely miss Dowan.
Dowan is moderately wounded.
Dowan smirks and points a slender finger.
Dowan closely misses you.
You barely miss Dowan.
Dowan is moderately wounded.
Dowan hits you with a +0 dagger of flaming.
* * * LOW HITPOINT WARNING * * *
Dowan burns you.
* * * LOW HITPOINT WARNING * * *
You hit Dowan.
Dowan is moderately wounded.
Dowan closely misses you.
You miss Dowan.
Dowan is moderately wounded.
Dowan hits you with a +0 dagger of flaming.
* * * LOW HITPOINT WARNING * * *
Dowan burns you.
* * * LOW HITPOINT WARNING * * *
Dowan hits you with a +0 dagger of flaming.
* * * LOW HITPOINT WARNING * * *
Dowan burns you.
You die...

# # +. .# #. .# #.# #.#
#..#..# #.e..# #@# ###
### #.# #.#
#.####.#######
#####.#####.............
............####.######.
##...........<...#
#######.######### #.#
#.#


You could see Dowan.

Vanquished Creatures
  An ogre (D:3)
  A gnoll (D:1)
  2 adders
  2 worms
  2 dart slugs (D:1)
  2 orcs (D:3)
  4 ball pythons
  3 endoplasms
  3 giant cockroaches
  8 goblins
  3 hobgoblins
  4 kobolds
  3 bats
  4 frilled lizards
  8 rats
50 creatures vanquished.

Notes
Turn   | Place    | Note
-------+----------+-------------------------------------------
     0 | D:1      | NotreDorf the Merfolk Gladiator began the quest for the
                  | Orb.
     0 | D:1      | Reached XP level 1. HP: 16/16 MP: 1/1
   177 | D:1      | Reached XP level 2. HP: 23/23 MP: 2/2
   186 | D:1      | Reached skill level 1 in Stealth
   604 | D:1      | Reached XP level 3. HP: 28/28 MP: 3/3
  1138 | D:2      | Learned a level 2 spell: Blink
  1497 | D:2      | Reached XP level 4. HP: 29/34 MP: 4/4
  1609 | D:3      | Found a bloodstained altar of Trog.
  1709 | D:3      | Found a hazy altar of Hepliaklqana.
  1780 | D:3      | Became a worshipper of Hepliaklqana the Forgotten
  1934 | D:3      | Noticed an ogre
  1947 | D:3      | Killed an ogre
  1948 | D:3      | Reached skill level 5 in Polearms
  1948 | D:3      | Reached skill level 5 in Dodging
  1948 | D:3      | Reached skill level 1 in Spellcasting
  1948 | D:3      | Reached skill level 1 in Translocations
  1948 | D:3      | Reached XP level 5. HP: 30/41 MP: 4/6
  2031 | D:3      | Found Uzuetor's Antique Armour Shop.
  2040 | D:3      | Bought a pair of fine boots for 190 gold pieces
  2040 | D:3      | Identified the +1 pair of boots of Axiym {Rampage +Blink
                  | rF- MP+9} (You bought it in a shop on level 3 of the
                  | Dungeon)
  2135 | D:3      | Found a snail-covered altar of Cheibriados.
  2508 | D:4      | Noticed Dowan
  2540 | D:4      | HP: 1/41 [Dowan/+0 dagger of flaming (4)]
  2540 | D:4      | Slain by Dowan

Illustrated notes

Levels and vault maps discovered:
D:1:      lightli_arrival_statuegarden, layout_basic, st_stairs_11, minivault_4
D:2:      minmay_angry_zag, layout_basic
D:3:      layout_loops_ring, worldfamousw_hep_ancestral_shrine, slow_altar_1,
          trog_book, serial_shops, nicolae_square_shop
D:4:      layout_loops_ring, mainiacjoe_overflow_small_starburst,
          okawaru_ov_weapons_minmay, lemuel_zombie_altar_kikubaaqudgha,
          nicolae_wu_jian_immortal_techniques, hangedman_decor_growths,
          uniq_pikel, uniq_duvessa

Skill      XL: |  1  2  3  4 |
---------------+-------------+-----
Stealth        | 1 |  1.7
Fighting       | 3 |  3.3
Polearms       | 5 |  5.1
Dodging        | 5 |  5.2
Spellcasting   | 1 |  1.2
Translocations | 1 |  1.1
Throwing       | |  2.0

Action                   |  1- 3 |  4- 6 || total
-------------------------+-------+-------++-------
Melee: Trident           |   100 |    76 ||   176
Throw: Throwing net      |       |     4 ||     4
  Use: Scroll            |     6 |       ||     6
 Stab: Sleeping          |     4 |     4 ||     8
       Distracted        |     1 |       ||     1
Armor: Leather armour    |    21 |    16 ||    37
Dodge: Dodged            |    49 |    21 ||    70
